 Dungeon Crawl Stone Soup version 0.21-a0-193-g085b6a0 (webtiles) character file.

947 Ijustatesigmund the Twirler (level 8, -3/65 HPs)
             Began as a Formicid Fighter on Aug 14, 2017.
             Slain by an ogre
             ... wielding a +0 giant spiked club
              (16 damage)
             ... on level 5 of the Dungeon.
             The game lasted 00:12:20 (4141 turns).

Ijustatesigmund the Twirler (Formicid Fighter)      Turns: 4141, Time: 00:12:21

Health: -3/65      AC:  9    Str: 22    XL:     8   Next: 35%
Magic:  8/8        EV:  8    Int:  7    God:
Gold:   223        SH:  0    Dex: 12    Spells: 7/7 levels left

rFire    . . .     SeeInvis +   t - -1 halberd (curse)
rCold    . . .     Gourm    .   c - +0 shield
rNeg     + . .     Faith    .   b - +0 scale mail
rPois    .         Spirit   .   (helmet unavailable)
rElec    .         Reflect  .   i - +1 cloak
rCorr    .         Harm     .   (no gloves)
MR       .....                  (no boots)
Stlth    ..........             (no amulet)
HPRegen  0.20/turn              s - ring of positive energy
MPRegen  0.11/turn              (no ring)

@: confused
A: permanent stasis, dig shafts and tunnels, four strong arms, antennae 3
a: Dig, Shaft Self


You were on level 5 of the Dungeon.
You were hungry.

You visited 1 branch of the dungeon, and saw 5 of its levels.

You collected 223 gold pieces.

Inventory:

Hand Weapons
 a - a +0 quarterstaff
 t - a cursed -1 halberd (weapon)
 v - a cursed -1 halberd
Armour
 b - a +0 scale mail (worn)
 c - a +0 shield (worn)
 i - a +1 cloak (worn)
Jewellery
 s - a ring of positive energy (left hand)
Wands
 n - a wand of flame (18/48)
 u - a wand of digging (10/24)
Scrolls
 g - 2 scrolls of recharging
 k - a scroll of immolation
 r - 2 scrolls of amnesia
 w - a scroll of fear
Potions
 e - a potion of curing
 h - a potion of magic
 j - a potion of ambrosia
 l - a potion of flight {unknown}
 o - a potion of mutation {unknown}
 p - a potion of invisibility {unknown}
Comestibles
 f - 2 bread rations
 m - a royal jelly
 q - 4 meat rations


   Skills:
 + Level 6.4 Fighting
 * Level 6.5 Staves
 - Level 3.2 Armour
 - Level 6.2 Shields


You had 7 spell levels left.
You didn't know any spells.

Dungeon Overview and Level Annotations

Branches:
Dungeon (5/15)
 Temple: D:4-7

Altars:
Ashenzari
Dithmenos
Elyvilon
Fedhas
Hepliaklqana
Xom
Zin
The Shining One

Annotations:
D:4 1 runed door


Innate Abilities, Weirdness & Mutations

You cannot be hasted, slowed, berserked, paralysed or teleported.
You can dig through walls and to a lower floor.
Your four strong arms can wield two-handed weapons with a shield.
You have a pair of large antennae on your head. (SInv)


Message History

The ogre is moderately wounded.
The ogre hits you with a giant spiked club!!
You slash the ogre!
The ogre is heavily wounded.
The ogre hits you with a giant spiked club!!
You are too injured to fight recklessly!
You are too injured to fight recklessly!
You are too injured to fight recklessly!
You are too injured to fight recklessly!
You are too injured to fight recklessly!
You are too injured to fight recklessly!
You are too injured to fight recklessly!
You are too injured to fight recklessly!
You are confused.
You feel invigorated.
The ogre hits you with a giant spiked club!
* * * LOW HITPOINT WARNING * * *
You bump into the stone wall.
The ogre hits you with a giant spiked club!
You die...

##.#........_...
##.####†.#######
...####......#
.....##..###.#
####.##..# #.#
#(##..# #.# #)....#
#.#
#.#######.#######
####.##.........@O.#
#....#.#.###.#####.#
#.....###....# ..
#>####.#.##### ##
#.# ##.## #.# #.#
#.# #.# .(# #.# ..#
#.#


You could see an ogre.

Vanquished Creatures
  Sigmund (D:4)
  Eustachio (D:5)
  Edmund (D:5)
  An ogre (D:4)
  A hound (D:4)
  3 orc priests
  An orc wizard (D:4)
  An iguana (D:5)
  A worker ant (D:4)
  A worker ant zombie (D:5)
  8 gnolls
  5 adders
  2 oozes
  2 worms (D:4)
  4 dart slugs
  5 leopard geckos
  16 orcs
  3 giant cockroaches
  2 goblins (D:2)
  9 hobgoblins
  4 jackals (D:3)
  6 kobolds
  4 quokkas
  A ball python (D:1)
  9 bats
  12 frilled lizards
  A quokka skeleton (D:4)
  3 rats
108 creatures vanquished.

Notes
Turn   | Place    | Note
-------+----------+-------------------------------------------
     0 | D:1      | Ijustatesigmund the Formicid Fighter began the quest for the Orb.
     0 | D:1      | Reached XP level 1. HP: 18/18 MP: 1/1
    90 | D:1      | Reached XP level 2. HP: 15/24 MP: 2/2
   339 | D:1      | Reached XP level 3. HP: 30/30 MP: 3/3
   940 | D:2      | Found a shattered altar of Ashenzari.
  1219 | D:2      | Reached XP level 4. HP: 37/37 MP: 4/4
  1375 | D:2      | Found a shimmering altar of Xom.
  1497 | D:2      | Found a shadowy altar of Dithmenos.
  1973 | D:3      | You fall through a shaft!
  2252 | D:4      | Reached XP level 5. HP: 33/42 MP: 5/5
  2472 | D:3      | Reached skill level 5 in Shields
  2472 | D:3      | Reached XP level 6. HP: 36/49 MP: 6/6
  2876 | D:3      | Found a white marble altar of Elyvilon.
  2876 | D:3      | Found a glowing golden altar of the Shining One.
  2876 | D:3      | Found a glowing silver altar of Zin.
  3035 | D:4      | Reached skill level 5 in Fighting
  3097 | D:4      | Noticed an ogre
  3104 | D:4      | Killed an ogre
  3104 | D:4      | Reached skill level 5 in Staves
  3104 | D:4      | Reached XP level 7. HP: 48/56 MP: 7/7
  3243 | D:4      | Found a blossoming altar of Fedhas.
  3309 | D:4      | Found a white marble altar of Elyvilon.
  3310 | D:4      | Found a runed door.
  3310 | D:4      | Noticed an angel
  3468 | D:5      | Entered Level 5 of the Dungeon
  3468 | D:5      | Noticed Sigmund
  3468 | D:5      | Noticed Eustachio
  3476 | D:4      | Killed Sigmund
  3522 | D:5      | Killed Eustachio
  3522 | D:5      | Reached XP level 8. HP: 33/64 MP: 8/8
  3895 | D:5      | Noticed Edmund
  3912 | D:5      | Killed Edmund
  3933 | D:5      | Found a hazy altar of Hepliaklqana.
  4141 | D:5      | Slain by an ogre

Vault maps used:
D:1:      sevenhm_arrival_forest_fort_large_2, st_stairs_4
D:2:      xom_teletrap_fun, ashenzari_conservatory_becter, lemuel_doored_altar,
          patterned_corridor
D:3:      good_gods_mini_temple
D:4:      kennysheep_mini, serial_bayou, serial_bayou_pond_c,
          serial_bayou_lagoon_a, serial_bayou_shore_a, serial_bayou_ford_a,
          first_bread, lemuel_angel_altar
D:5:      okawaru_altar_gauntlet_db, overflow_temple_1_default,
          kennysheep_generic_room_15, uniq_grinder, uniq_sigmund,
          uniq_eustachio, uniq_edmund

Skill      XL: |  1  2  3  4  5  6  7  8 |
---------------+-------------------------+-----
Shields        | 4 5 6 |  6.2
Staves         | 3 4 5 6 |  6.5
Fighting       | 4 5 6 |  6.4
Armour         | |  3.2

Action                   |  1- 3 |  4- 6 |  7- 9 || total
-------------------------+-------+-------+-------++-------
Melee: Quarterstaff      |    96 |   146 |       ||   242
       Halberd           |       |    51 |   103 ||   154
 Abil: Dig               |     3 |       |       ||     3
       Shaft Self        |       |     1 |       ||     1
Evoke: Wand              |       |     1 |       ||     1
  Use: Scroll            |     5 |     4 |     2 ||    11
       Potion            |       |     1 |     3 ||     4
  Eat: Chunk             |     1 |     7 |     3 ||    11
Armor: Scale mail        |    36 |    93 |    46 ||   175
Dodge: Dodged            |    33 |    68 |    35 ||   136
Block: Shield            |    56 |   121 |    75 ||   252
